 Dungeon Crawl Stone Soup version 0.27.0 (console) character file.

Game seed: 16752453576267608497

29199 jejorda2 the Grappler (level 13, -5/124 HPs)
             Began as a Troll Necromancer on July 30, 2021.
             Was a High Priest of Makhleb.
             Killed from afar by a hell hog (42 damage)
             ... with a fireball
             ... in a volcano.
             The game lasted 00:46:07 (13046 turns).

jejorda2 the Grappler (Troll Necromancer)          Turns: 13046, Time: 00:46:08

Health: -5/124     AC: 18    Str: 23    XL:     13   Next: 13%
Magic:  19/19      EV:  9    Int: 11    God:    Makhleb [*****.]
Gold:   1531       SH:  0    Dex: 10    Spells: 14/14 levels left

rFire    . . .     SeeInvis .     - Unarmed
rCold    . . .     Faith    .   (no shield)
rNeg     . . .     Spirit   .   R - +0 swamp dragon scales
rPois    +         Reflect  .   (helmet restricted)
rElec    .         Harm     .   I - +2 cloak
rCorr    .         Rampage  .   (gloves unavailable)
Will     .....                  (boots unavailable)
Stlth    +.........             d - amulet of regeneration
HPRegen  2.30/turn              x - +4 ring of slaying
MPRegen  0.16/turn              w - +4 ring of protection

@: no status effects
A: large, unfitting armour, claws 3, regeneration 1, shaggy fur 1, tough skin 1
a: Renounce Religion, Minor Destruction, Lesser Servant of Makhleb, Major
Destruction, Greater Servant of Makhleb


You were in a volcano.
You worshipped Makhleb.
Makhleb was extremely pleased with you.
You visited 4 branches of the dungeon, and saw 15 of its levels.
You also visited: Ossuary and Volcano.

You collected 2599 gold pieces.
You spent 1068 gold pieces at shops.

Inventory:

Hand Weapons
 h - a +2 flail of draining
 y - a +2 whip of flaming
Missiles
 k - 36 poisoned darts (quivered)
 D - 41 boomerangs
 L - 7 large rocks
 M - 3 silver boomerangs
Armour
 E - quicksilver dragon scales
 I - a +2 cloak (worn)
 P - a +0 tower shield
 R - +0 swamp dragon scales (worn)
Jewellery
 d - an amulet of regeneration (around neck)
 u - a ring of resist corrosion
 w - a +4 ring of protection (right claw)
 x - a +4 ring of slaying (left claw)
 C - a ring of positive energy
Wands
 n - a wand of flame (75)
 o - a wand of iceblast (19)
 p - a wand of digging (4)
 v - a wand of polymorph (4)
 F - a wand of acid (8)
 N - a wand of mindburst (12)
 Q - a wand of charming (8)
Scrolls
 b - 6 scrolls of teleportation
 c - 4 scrolls of holy word
 e - a scroll of magic mapping
 t - 2 scrolls of blinking
 z - 2 scrolls of enchant weapon
 B - a scroll of amnesia
 G - 2 scrolls of fog
 J - 4 scrolls of enchant armour
Potions
 a - a potion of magic {unknown}
 f - 8 potions of curing
 g - 2 potions of haste
 i - 3 potions of attraction
 j - a potion of might
 l - 2 potions of flight
 m - 3 potions of mutation
 q - 2 potions of heal wounds
 r - a potion of cancellation {unknown}
 s - 4 potions of lignification
 A - a potion of brilliance
Miscellaneous
 K - a piece from Xom's chessboard (15/15)
 O - a tin of tremorstones (2/2)


   Skills:
 - Level 7.1 Fighting
 + Level 8.9 Throwing
 - Level 7.0 Armour
 - Level 1.5 Dodging
 - Level 1.0 Stealth
 - Level 11.6 Unarmed Combat
 - Level 1.2 Spellcasting
 - Level 3.2 Necromancy
 * Level 9.4 Invocations
 + Level 4.3 Evocations


You had 14 spell levels left.
You didn't know any spells.
Your spell library contained the following spells:

 Spells                   Type           Power      Damage    Failure   Level
 Animate Skeleton         Necr           14%        N/A       12%         1
 Pain                     Necr           28%        1d5       12%         1
 Vampiric Draining        Necr           3%         2d6       36%         3
 Sting                    Tmut/Pois      0%         1d3       43%         1
 Poisonous Vapours        Pois/Air       0%         N/A       56%         2
 Animate Dead             Necr           3%         N/A       77%         4
 Agony                    Necr           7%         N/A       98%         5
 Olgreb's Toxic Radiance  Pois           0%         N/A       99%         4
 Summon Forest            Summ/Tloc      0%         N/A       100%        5
 Summon Mana Viper        Hex/Summ       0%         N/A       100%        5
 Shadow Creatures         Summ           N/A        N/A       100%        6


Dungeon Overview and Level Annotations

Branches:
Dungeon (10/15)            Temple (1/1) D:6            Lair (2/6) D:9
  Snake (0/4) Lair:2          Orc (2/2) D:9             Elf (0/3) Orc:2
Ossuary (visited)         Volcano (1/1)
  Swamp: Lair:2-4    Shoals: Lair:2-4

Altars:
Ashenzari
Cheibriados
Dithmenos
Elyvilon
Fedhas
Gozag
Hepliaklqana
Kikubaaqudgha
Makhleb
Nemelex Xobeh
Okawaru
Qazlal
Ru
Sif Muna
Trog
Uskayaw
Vehumet
Wu Jian
Xom
Yredelemnul
Zin
The Shining One
Beogh

Shops:
D:1 :   D:3 [:   D:9 *   Orc:2 ?(((

Annotations:
D:3 exclusion: oklob plant
D:9 2 transporters, RascalDebosk's ghost, novice TrBe


Innate Abilities, Weirdness & Mutations

You are too large for most types of armour.
You have claws for hands.
Your natural rate of healing is unusually fast.
You are covered in fur. (AC +1)
You have tough skin. (AC +1)


Message History

The centaur closely misses you.
The salamander hits you from afar with a +0 glaive.
You are engulfed in flames!
The hell hog bites you!
You mangle the hell hog!!
The hell hog is moderately wounded.
The centaur hits you but does no damage.
The centaur kicks you but does no damage.
The centaur hits you. The centaur barely misses you.
The salamander hits you from afar with a +0 glaive!
You are engulfed in flames!
The hell hog bites you.
The centaur hits you but does no damage.
The centaur kicks you but does no damage.
The centaur hits you but does no damage.
The centaur kicks you.
You mangle the hell hog!!
The hell hog is almost dead.
In the distance, the volcano erupts with a roar.
You are engulfed in blazing flames.
Your hellwing is engulfed in blazing flames.
Your hellwing hits the centaur! Your hellwing hits the centaur.
The hell hog is engulfed in blazing flames.
The hell hog barely misses you.
The salamander hits you from afar with a +0 glaive.
You are engulfed in flames!
* * * LOW HITPOINT WARNING * * *
The centaur is engulfed in blazing flames.
The centaur hits you but does no damage.
The centaur kicks you but does no damage.
The centaur is engulfed in blazing flames.
The centaur closely misses you. The centaur kicks you.
* * * LOW HITPOINT WARNING * * *
Unknown command.
Unknown command.
Okay, then.
Unknown command.
You are engulfed in blazing flames.
The hell hog is engulfed in blazing flames.
The hell hog breathes fire at you.
The fireball explodes!
The fireball engulfs you!!!
You die...

...≈.≈≈≈.≈.≈≈≈...≈≈.≈≈≈≈≈≈≈
.^^^...................†##≈
#+##...#####...##'##....##
##.##○○○##.##...##○°#☼#
#.#○○○○☼#.#.....#.☼#.#
#.#°○4○N#.#..[..#..#.#
##.##chc##.##...##..##)
####☼○○##°##○○°#####...###
...°°☼☼☼○°@°○○☼○○○......#
≈..○°○○§○○§○°§○°☼☼§≈≈§§§§
≈.≈≈○.☼○☼○○☼○○○○○°○.≈§≈.°≈
≈≈§≈§☼§§§°○§☼○○○○°°≈≈≈≈
§§≈≈§§§§§°°≈○≈○○○≈○≈≈≈≈
§§≈§§≈§§°§§≈°○☼○○§≈§≈≈
§#≈§≈#§°°§°§○§☼§○#≈≈ ≈#
§#≈#§○°#☼#§#


You could see a salamander, a hell hog (catching breath), 2 centaurs and a
friendly hellwing (summoned).

Vanquished Creatures
  An ettin (Orc:1)
  The ghost of Charcat the Severer, a journeyman HOFi of Beogh (Orc:1)
  7 two-headed ogres
  4 orc high priests (Orc:2)
  2 orc knights (Orc:2)
  Pikel (D:5)
  4 orc sorcerers (Orc:2)
  2 salamanders (Volcano)
  A guardian serpent (D:8)
  A cane toad (Lair:2)
  4 komodo dragons
  6 trolls
  A polar bear (Lair:2)
  A hornet (D:10)
  3 wyverns
  12 yaks
  A fire bat (Volcano)
  A basilisk (D:9)
  3 wargs
  An acid dragon (D:9)
  3 water moccasins
  Duvessa (D:6)
  A sky beast (D:7)
  A hell hound (Volcano)
  38 orc warriors
  4 ice beasts
  16 ogres
  5 wolves (Lair:1)
  A centaur (D:9)
  3 lemures (D:5)
  5 elf zombies (Ossuary)
  A bullfrog (Lair:2)
  2 kobold brigands
  3 scorpions
  A gnoll sergeant (D:10)
  Dowan (D:6)
  2 water moccasin skeletons
  4 wights (D:8)
  4 jellies
  4 gnoll shamans
  A hound (D:5)
  A human zombie (Ossuary)
  27 orc priests
  Ijyb (D:3)
  2 iguanas
  Natasha (thrice) (D:3)
  10 orc wizards
  5 hell rats (Lair:1)
  A hound zombie (Ossuary)
  3 mummies (Ossuary)
  3 howler monkey skeletons
  16 gnolls
  7 adders
  An ufetubus (D:7)
  3 adder zombies (Ossuary)
  An adder skeleton (D:4)
  A worm (D:2)
  3 dart slugs
  85 orcs
  A bat (D:1)
  9 endoplasms
  4 giant cockroaches
  A gnoll zombie (Ossuary)
  6 goblins
  2 hobgoblins
  2 jackals (D:3)
  17 kobolds
  A quokka (D:3)
  4 ball pythons
  3 frilled lizards
  2 goblin zombies (Ossuary)
  5 hobgoblin zombies (Ossuary)
  3 jackal zombies (Ossuary)
  A kobold zombie (Ossuary)
  An orc zombie (Ossuary)
  6 quokka zombies (Ossuary)
  6 rats
  2 rat zombies (Ossuary)
407 creatures vanquished.

Vanquished Creatures (collateral kills)
  An orc warlord (Orc:2)
  An orc knight (Orc:2)
  An orc sorcerer (Orc:2)
  A hell hound (Volcano)
  2 orc warriors (Orc:2)
  An ogre (Orc:2)
  2 orc priests (Orc:2)
  An orc wizard (Orc:1)
  5 orcs
15 creatures vanquished.

Vanquished Creatures (others)
  An ogre (Orc:1)
  An orc wizard (Orc:2)
  3 fungi
  2 plants
7 creatures vanquished.

Grand Total: 429 creatures vanquished

Notes
Turn   | Place    | Note
-------+----------+-------------------------------------------
     0 | D:1      | jejorda2 the Troll Necromancer began the quest for the Orb.
     0 | D:1      | Reached XP level 1. HP: 16/16 MP: 1/1
   240 | D:1      | Reached skill level 1 in Unarmed Combat
   307 | D:1      | Reached XP level 2. HP: 26/26 MP: 2/2
   611 | D:1      | Reached skill level 1 in Fighting
   616 | D:1      | Found Arihump's Book Boutique.
   669 | D:1      | Reached skill level 2 in Unarmed Combat
   863 | D:2      | Reached XP level 3. HP: 31/33 MP: 3/3
   972 | D:2      | Reached skill level 3 in Unarmed Combat
   972 | D:2      | Reached XP level 4. HP: 20/41 MP: 4/4
  1194 | D:2      | Found a faded altar of an unknown god.
  1581 | D:3      | Noticed Natasha
  1659 | D:3      | Killed Natasha
  1660 | D:3      | Reached XP level 5. HP: 26/49 MP: 5/5
  1689 | D:3      | Found a broken altar of Ashenzari.
  1726 | D:3      | Found Jubb's Antique Armour Boutique.
  1729 | D:3      | Reached skill level 4 in Unarmed Combat
  1746 | D:3      | Found a hide-covered altar of Uskayaw.
  1812 | D:3      | Found Woimofur's Book Emporium.
  1837 | D:3      | Noticed Natasha
  1848 | D:3      | Killed Natasha
  1902 | D:3      | Found a blossoming altar of Fedhas.
  1923 | D:3      | Noticed an oklob plant
  2024 | D:3      | Noticed Natasha
  2042 | D:3      | Killed Natasha
  2090 | D:3      | Noticed Ijyb
  2110 | D:3      | Killed Ijyb
  2327 | D:4      | Reached XP level 6. HP: 56/59 MP: 6/6
  2352 | D:4      | Reached skill level 1 in Evocations
  2365 | D:4      | Found a sand-covered staircase.
  2374 | Ossuary  | Entered an ossuary
  2420 | Ossuary  | Reached skill level 5 in Unarmed Combat
  2487 | Ossuary  | Reached XP level 7. HP: 66/67 MP: 7/7
  2643 | Ossuary  | Reached skill level 6 in Unarmed Combat
  2908 | D:4      | HP: 2/67 [gnoll (6)]
  3468 | D:5      | Entered Level 5 of the Dungeon
  3483 | D:5      | Reached XP level 8. HP: 74/78 MP: 8/8
  4041 | D:5      | Noticed Pikel
  4108 | D:5      | Killed Pikel
  4109 | D:5      | Reached skill level 7 in Unarmed Combat
  4542 | D:6      | Reached skill level 5 in Fighting
  4592 | D:6      | Found a staircase to the Ecumenical Temple.
  4604 | Temple   | Entered the Ecumenical Temple
  4829 | Temple   | Became a worshipper of Makhleb the Destroyer
  4935 | D:6      | Reached skill level 8 in Unarmed Combat
  4935 | D:6      | Reached XP level 9. HP: 88/88 MP: 9/9
  4991 | D:6      | Reached skill level 1 in Invocations
  4991 | D:6      | Noticed Dowan
  4996 | D:6      | Noticed Duvessa
  5023 | D:6      | Killed Duvessa
  5024 | D:6      | Killed Dowan
  5519 | D:7      | Identified a scroll of acquirement
  5519 | D:7      | Acquired a +4 ring of slaying
  5574 | D:7      | Found a radiant altar of Vehumet.
  5623 | D:7      | Reached * piety under Makhleb
  5710 | D:7      | Reached skill level 9 in Unarmed Combat
  6633 | D:8      | Found a bloodstained altar of Trog.
  6734 | D:8      | Found a sparkling altar of Nemelex Xobeh.
  6967 | D:9      | Noticed a two-headed ogre
  6974 | D:9      | Killed a two-headed ogre
  7018 | D:9      | Found Lixzypp's Assorted Antiques.
  7026 | D:9      | Reached XP level 10. HP: 100/100 MP: 12/12
  7091 | D:9      | Noticed RascalDebosk's ghost (novice TrBe)
  7125 | D:9      | Found a transporter.
  7125 | D:9      | Noticed a cyclops
  7127 | D:9      | Found a transporter.
  7133 | D:9      | Noticed a two-headed ogre
  7150 | D:9      | Killed a two-headed ogre
  7245 | D:9      | Reached skill level 5 in Invocations
  7313 | D:9      | Reached ** piety under Makhleb
  7384 | D:9      | Found a staircase to the Lair.
  7619 | D:9      | Noticed a two-headed ogre
  7627 | D:9      | Killed a two-headed ogre
  7691 | D:9      | Found a staircase to the Orcish Mines.
  7704 | D:9      | Bought a runed glass wand for 144 gold pieces
  7704 | D:9      | Bought an encrusted ivory wand for 144 gold pieces
  7882 | D:10     | Entered Level 10 of the Dungeon
  7903 | D:10     | Found an opulent altar of Gozag.
  7968 | D:10     | Reached skill level 5 in Armour
  8669 | Orc:1    | Entered Level 1 of the Orcish Mines
  8670 | Orc:1    | Noticed an orc knight
  8685 | D:9      | Reached XP level 11. HP: 109/109 MP: 15/15
  8697 | D:9      | an orc knight changed into a guardian serpent
  8914 | Orc:2    | Entered Level 2 of the Orcish Mines
  8984 | Orc:2    | Reached skill level 1 in Throwing
  9018 | Orc:2    | Reached *** piety under Makhleb
  9102 | Orc:2    | Noticed a two-headed ogre
  9112 | Orc:2    | Killed a two-headed ogre
  9200 | Orc:2    | Noticed a two-headed ogre
  9209 | Orc:2    | Killed a two-headed ogre
  9493 | Orc:2    | Reached skill level 5 in Throwing
  9677 | Orc:2    | Reached **** piety under Makhleb
  9894 | Orc:2    | Noticed an orc sorcerer
  9904 | Orc:2    | Killed an orc sorcerer
  9927 | Orc:2    | Noticed a two-headed ogre
  9927 | Orc:2    | Noticed an orc sorcerer
  9927 | Orc:2    | Noticed an orc knight
  9943 | Orc:2    | Killed a two-headed ogre
  9951 | Orc:2    | Killed an orc knight
  9953 | Orc:2    | Killed an orc sorcerer
 10023 | Orc:2    | Noticed an orc knight
 10025 | Orc:2    | Found Pizxumy's Antique Weapon Emporium.
 10029 | Orc:2    | Killed an orc knight
 10030 | Orc:2    | Reached XP level 12. HP: 99/118 MP: 17/17
 10079 | Orc:2    | Found Kihab's Antique Weapon Shoppe.
 10275 | Orc:2    | Noticed an orc warlord
 10292 | Orc:2    | Killed an orc warlord
 10293 | Orc:2    | Noticed an orc high priest
 10300 | Orc:2    | Killed an orc high priest
 10358 | Orc:2    | Noticed an orc high priest
 10375 | Orc:2    | Killed an orc high priest
 10539 | Orc:2    | Reached skill level 10 in Unarmed Combat
 10617 | Orc:2    | Found a staircase to the Elven Halls.
 10722 | Orc:2    | Found Zin Ojisk's Magic Scroll Boutique.
 10858 | Orc:2    | Found Uvedghaun's Antique Weapon Shop.
 10859 | Orc:2    | Noticed an orc high priest
 10865 | Orc:2    | Reached ***** piety under Makhleb
 10878 | Orc:2    | Killed an orc high priest
 10912 | Orc:2    | Noticed an orc high priest
 10923 | Orc:2    | Killed an orc high priest
 11084 | Orc:1    | Found a runed translucent gate.
 11084 | Orc:1    | Found a runed translucent gate.
 11084 | Orc:1    | Found a runed translucent gate.
 11084 | Orc:1    | Noticed Charcat's ghost (journeyman HOFi)
 11154 | Orc:1    | Killed Charcat's ghost
 11155 | Orc:1    | Reached skill level 11 in Unarmed Combat
 11212 | Orc:1    | Noticed an ettin
 11222 | Orc:1    | Killed an ettin
 11561 | Orc:2    | Bought a scroll of acquirement for 780 gold pieces
 11562 | Orc:2    | Acquired 1171 gold pieces
 11976 | Lair:1   | Entered Level 1 of the Lair of Beasts
 12750 | Lair:2   | Noticed Maggie
 12751 | Lair:2   | Noticed Maggie
 12751 | Lair:2   | Maggie changed into Maggie the scorpion
 12755 | Lair:2   | Killed Maggie the scorpion
 12781 | Lair:2   | Reached XP level 13. HP: 120/121 MP: 18/18
 12828 | Lair:2   | Found a staircase to the Snake Pit.
 12886 | Lair:2   | Found a dark tunnel.
 12892 | Volcano  | Entered a volcano
 13046 | Volcano  | Killed from afar by a hell hog

Illustrated notes

Levels and vault maps discovered:
D:1:      wheals_arrival_linesprint, layout_basic, serial_shops,
          nicolae_shop_stone, minmay_misc_feat_diagonals, serial_bayou_pond_a,
          kennysheep_nondescript, kennysheep_another_room
D:2:      layout_basic, shapermc_ecumenical_altar_mp_ritualfount, hex_large
D:3:      layout_rooms, tgw_fedhas, nicolae_uskayaw_dance_hall,
          mainiacjoe_overflow_alcove_4, serial_shops, shop, shop, uniq_ijyb,
          uniq_natasha
D:4:      layout_loops_ring, chequers_ossuary_entry_cave
D:5:      layout_basic, uniq_pikel
D:6:      layout_rooms, minmay_temple_entry_trees, minmay_misc_feat_enclosed,
          uniq_duvessa
D:7:      layout_cave_pools, nicolae_vehumet_radiance
D:8:      layout_basic, mainiacjoe_overflow_24_doors, lightli_temple_of_fire
D:9:      layout_rooms, erik_lair_dragon, orc_0_dummy, nzn_ghost_randoct,
          serial_shops, nicolae_shop_window_shopping, lemuel_flame_loot_1
D:10:     layout_irregular_city, amcnicky_altar_gilded
Temple:   regret_index_temple_generic_petals
Lair:1:   layout_chaotic_city, lemuel_fruit_tree
Lair:2:   layout_roguey, dummy_snake_entry, nicolae_volcano_entry_two_sided,
          minmay_lair_oklob_chamber, grunt_megastairs_4, uniq_maggie,
          uniq_gastronok
Orc:1:    layout_caves, ebering_ghost_rock_garden
Orc:2:    pubby_orc_utopia
Volcano:  volcano_village

Skill      XL: |  1  2  3  4  5  6  7  8  9 10 11 12 |
---------------+-------------------------------------+-----
Unarmed Combat | 1 2 3 4 5 6 8 9 11 | 11.6
Fighting       | 1 2 3 5 6 7 |  7.1
Evocations     | 2 3 4 |  4.3
Invocations    | 4 6 8 9 |  9.4
Armour         | 2 5 7 |  7.0
Throwing       | 6 8 |  8.9
Dodging        | |  1.5
Stealth        | |  1.0
Spellcasting   | |  1.2
Necromancy     | |  3.2

Action                   |  1- 3 |  4- 6 |  7- 9 | 10-12 | 13-15 || total
-------------------------+-------+-------+-------+-------+-------++-------
Melee: Unarmed           |    81 |   183 |   270 |   713 |    47 ||  1294
       Punch             |       |     2 |     9 |    33 |     3 ||    47
Throw: Dart              |       |       |    81 |   146 |       ||   227
       Boomerang         |       |       |       |     5 |       ||     5
       Large rock        |       |       |       |     1 |       ||     1
Invok: Lesser Servant of |       |       |       |     6 |     2 ||     8
       Greater Servant o |       |       |       |       |     1 ||     1
Evoke: Wand              |       |       |     2 |     7 |       ||     9
  Use: Scroll            |       |     5 |     9 |     8 |     1 ||    23
       Potion            |       |       |     1 |     2 |     5 ||     8
 Stab: Sleeping          |     2 |     4 |     2 |       |       ||     8
       Distracted        |       |       |       |     3 |       ||     3
Armor: Robe              |    26 |    41 |    66 |       |       ||   133
       Quicksilver drago |       |       |     9 |   428 |       ||   437
       Swamp dragon scal |       |       |       |     4 |    48 ||    52
Dodge: Dodged            |    37 |    63 |   121 |   323 |    30 ||   574
